 Dungeon Crawl Stone Soup version 0.19.1 (webtiles) character file.

4295 galech the Grappler (level 10, -2/102 HPs)
             Began as a Troll Monk on Dec 27, 2016.
             Slain by a wolf (3 damage)
             ... led by Grum
             ... on level 8 of the Dungeon.
             The game lasted 00:24:01 (6163 turns).

galech the Grappler (Troll Monk)                    Turns: 6163, Time: 00:24:02

Health: -2/102     AC:  8    Str: 21    XL:     10   Next: 11%
Magic:  9/9        EV: 14    Int:  6    God:
Gold:   401        SH:  0    Dex: 15    Spells: 0 memorised, 9 levels left

rFire  . . .     SeeInvis .       - Unarmed
rCold  . . .     Gourm    +     O - +0 animal skin
rNeg   . . .     Faith    .     (no shield)
rPois  .         Spirit   .     (helmet restricted)
rElec  .         Reflect  .     c - +0 cloak
rCorr  .         Harm     .     (gloves unavailable)
MR     .....                    (boots unavailable)
Stlth  ++........               (no amulet)
                                D - ring of wizardry
                                p - +2 ring of protection

@: no status effects
A: unfitting armour, claws 3, fast metabolism 3, gourmand, regeneration 1,
shaggy fur 1, tough skin 2
a: no special abilities


You were on level 8 of the Dungeon.
You were very full.

You visited 2 branches of the dungeon, and saw 9 of its levels.
You also visited: Ossuary.

You collected 401 gold pieces.

Inventory:

Armour
 a - a +0 robe
 c - a +0 cloak (worn)
 H - a +0 shield
 O - a +0 animal skin (worn)
Jewellery
 p - a +2 ring of protection (left claw)
 y - a +5 ring of intelligence
 D - a ring of wizardry (right claw)
Wands
 C - a wand of lightning (6/15)
Scrolls
 h - 7 scrolls of remove curse
 i - 2 scrolls of identify
 j - a scroll of random uselessness
 k - 3 scrolls of enchant weapon {unknown}
 l - 5 scrolls of teleportation {unknown}
 m - a scroll of recharging {unknown}
 n - 2 scrolls of enchant armour {unknown}
 x - 3 scrolls of amnesia {unknown}
 B - a scroll of blinking {unknown}
 E - 3 scrolls of fear {unknown}
 F - a scroll of noise
 M - a scroll of immolation {unknown}
 P - a scroll of fog {unknown}
Potions
 e - 2 potions of berserk rage
 f - 4 potions of curing {unknown}
 o - 3 potions of might
 q - a potion of brilliance
 r - 2 potions of lignification {unknown}
 s - 4 potions of agility
 t - 4 potions of magic {unknown}
 u - 3 potions of cure mutation
 w - 2 potions of degeneration {unknown}
 A - a potion of haste
 G - a potion of beneficial mutation {unknown}
 J - a potion of ambrosia {unknown}
 L - a potion of invisibility {unknown}
Books
 g - a book of Minor Magic

   Spells                             Type                      Level
   a - Magic Dart                     Conjuration                  1
   b - Blink                          Translocation                2
   c - Call Imp                       Summoning                    2
   d - Repel Missiles                 Charms/Air                   2
   e - Slow                           Hexes                        2
   f - Conjure Flame                  Conjuration/Fire             3
   g - Mephitic Cloud                 Conjuration/Poison/Air       3
 I - a book of Conjurations

   Spells                             Type                      Level
   a - Magic Dart                     Conjuration                  1
   b - Searing Ray                    Conjuration                  2
   c - Dazzling Spray                 Conjuration/Hexes            3
   d - Fulminant Prism                Conjuration/Hexes            4
   e - Iskenderun's Mystic Blast      Conjuration                  4
   f - Iskenderun's Battlesphere      Conjuration/Charms           5
 K - a book of Callings

   Spells                             Type                      Level
   a - Summon Small Mammal            Summoning                    1
   b - Call Imp                       Summoning                    2
   c - Call Canine Familiar           Summoning                    3
   d - Summon Guardian Golem          Hexes/Summoning              3
   e - Summon Lightning Spire         Summoning/Air                4
   f - Summon Ice Beast               Ice/Summoning                4
Comestibles
 b - 3 bread rations
 d - 4 meat rations
 v - 4 fruits
 z - a beef jerky


   Skills:
 + Level 7.5 Fighting
 + Level 7.6 Dodging
 - Level 1.0 Stealth
 + Level 9.1 Unarmed Combat


You had 9 spell levels left.
You didn't know any spells.

Dungeon Overview and Level Annotations

Branches:
Dungeon (8/15)             Temple (1/1) D:5
   Lair: D:8-11

Altars:
Ashenzari
Cheibriados
Dithmenos
Elyvilon
Fedhas
Gozag
Hepliaklqana
Kikubaaqudgha
Makhleb
Nemelex Xobeh
Qazlal
Ru
Sif Muna
Uskayaw
Vehumet
Xom
Yredelemnul
Zin
The Shining One

Shops:
D:7 %

Annotations:
D:8 Grum


Innate Abilities, Weirdness & Mutations

You are too large for most types of armour.
You have claws for hands.
Your metabolism is lightning-fast.
You like to eat raw meat.
Your natural rate of healing is unusually fast.
You are covered in fur. (AC +1)
You have very tough skin. (AC +2)


Message History

Grum is almost dead.
The wolf barely misses you. Grum hits you with a spear.
A wolf comes into view.
The wolf howls!
The wolf bites you.
You hear a screech!
You closely miss Grum.
Grum is almost dead.
Grum barely misses you. The wolf bites you but does no damage.
Grum hits you with a spear!!
You scratch Grum but do no damage.
Grum is almost dead.
The wolf bites you.
* * * LOW HITPOINT WARNING * * *
The wolf barely misses you. Grum hits you with a spear!!
* * * LOW HITPOINT WARNING * * *
The wolf bites you.
* * * LOW HITPOINT WARNING * * *
The wolf bites you.
You die...

#... #.#.. #.#
H....####...####.#
#.##..##....##....
#.#.........##....
#.#.........##.... .
#.#............... ...
##.#.....(.....###.
#....#h.....(...##..#...
#.....g@)(((#....##.#.##
..#.#.h.)....?#.......
#.#####...#..##.... ...
#............ (...
#.###........ ..... ...
....... .... ... <......
.... .... ##


You could see a hippogriff, Grum (berserk) and 2 wolves.

Vanquished Creatures
  Pikel (D:7)
  The ghost of markt42 the Basher, a novice GrFi of Okawaru (D:6)
  Joseph (D:8)
  Eustachio (D:5)
  A hungry ghost (D:7)
  Edmund (D:5)
  Menkaure (D:7)
  Duvessa (D:5)
  2 water moccasins
  The ghost of Mungo the Ducker, an amateur FeMo of Makhleb (D:5)
  A black bear (D:6)
  A slave (D:7)
  An ice beast (D:8)
  4 ogres
  3 centaurs
  2 bullfrogs
  Dowan (D:5)
  2 scorpions
  4 killer bees (D:6)
  3 wights (D:6)
  The ghost of KingCrawl the Conjurer, a weakling DsCj (D:3)
  A howler monkey (D:4)
  A bullfrog zombie (D:7)
  2 crimson imps
  A centaur zombie (Ossuary)
  4 hounds
  A human zombie (Ossuary)
  An orc wizard (D:4)
  Crazy Yiuf (D:5)
  3 jellies
  4 worker ants (D:4)
  2 big kobold zombies (Ossuary)
  A killer bee zombie (D:6)
  3 hound zombies
  2 hound skeletons
  3 mummies (Ossuary)
  A worker ant zombie (D:5)
  6 adders
  An ooze (D:2)
  5 adder zombies
  5 worms
  2 dart slugs
  6 leopard geckos
  13 orcs
  4 bats
  3 giant cockroaches
  A gnoll zombie (Ossuary)
  4 goblins
  5 hobgoblins
  5 jackals
  5 quokkas
  A frilled lizard (D:1)
  A giant cockroach zombie (D:5)
  3 goblin zombies (Ossuary)
  3 hobgoblin zombies (Ossuary)
  6 jackal zombies (Ossuary)
  9 kobolds
  3 kobold zombies (Ossuary)
  A leopard gecko zombie (D:6)
  2 orc zombies (Ossuary)
  3 quokka zombies (Ossuary)
  15 rats
  4 rat zombies (Ossuary)
181 creatures vanquished.

Notes
Turn   | Place    | Note
-------+----------+-------------------------------------------
     0 | D:1      | galech the Troll Monk began the quest for the Orb.
     0 | D:1      | Reached XP level 1. HP: 22/22 MP: 0/0
   145 | D:1      | Reached XP level 2. HP: 29/29 MP: 1/1
   539 | D:2      | Reached XP level 3. HP: 26/36 MP: 2/2
   593 | D:2      | Found a sacrificial altar of Ru.
  1082 | D:3      | Reached XP level 4. HP: 45/45 MP: 3/3
  1115 | D:3      | Noticed KingCrawl's ghost (weakling DsCj)
  1126 | D:3      | Killed KingCrawl's ghost
  1332 | D:3      | Found a faded altar of an unknown god.
  1332 | D:3      | Found a snail-covered altar of Cheibriados.
  1337 | D:3      | Found a faded altar of an unknown god.
  1340 | D:3      | Found a faded altar of an unknown god.
  1342 | D:3      | Found a faded altar of an unknown god.
  1375 | D:3      | Reached skill level 4 in Unarmed Combat
  1592 | D:3      | Found a sparkling altar of Nemelex Xobeh.
  1592 | D:3      | Found an opulent altar of Gozag.
  1685 | D:4      | Reached XP level 5. HP: 52/53 MP: 4/4
  1779 | D:4      | Noticed an ogre
  1792 | D:4      | Killed an ogre
  1792 | D:4      | Reached XP level 6. HP: 47/62 MP: 5/5
  1893 | D:4      | Reached skill level 5 in Unarmed Combat
  1983 | D:4      | Reached XP level 7. HP: 25/70 MP: 6/6
  2437 | D:4      | Found a deep blue altar of Sif Muna.
  2516 | D:5      | Entered Level 5 of the Dungeon
  2517 | D:5      | Found a white marble altar of Elyvilon.
  2631 | D:5      | Noticed Dowan
  2634 | D:5      | Noticed Duvessa
  2643 | D:5      | Killed Dowan
  2651 | D:5      | Killed Duvessa
  2856 | D:5      | Found a staircase to the Ecumenical Temple.
  2873 | Temple   | Entered the Ecumenical Temple
  3130 | D:5      | Noticed Mungo's ghost (amateur FeMo)
  3157 | D:5      | HP: 1/71 [Mungo's ghost (9)]
  3280 | D:5      | Killed Mungo's ghost
  3280 | D:5      | Reached skill level 5 in Fighting
  3280 | D:5      | Reached skill level 5 in Dodging
  3280 | D:5      | Reached skill level 6 in Unarmed Combat
  3372 | D:5      | Noticed Eustachio
  3386 | D:5      | Killed Eustachio
  3386 | D:5      | Reached XP level 8. HP: 70/80 MP: 7/7
  3412 | D:5      | Found a runed door.
  3416 | D:5      | Noticed Crazy Yiuf
  3426 | D:5      | Killed Crazy Yiuf
  3533 | D:5      | Noticed Edmund
  3552 | D:5      | Killed Edmund
  3958 | D:5      | Reached skill level 7 in Unarmed Combat
  4136 | D:6      | Found a blossoming altar of Fedhas.
  4189 | D:6      | Noticed markt42's ghost (novice GrFi)
  4262 | D:6      | Killed markt42's ghost
  4494 | D:6      | Reached XP level 9. HP: 88/89 MP: 8/8
  4647 | D:6      | Found an ancient bone altar of Kikubaaqudgha.
  5140 | D:6      | Reached skill level 8 in Unarmed Combat
  5244 | D:7      | Found Acur Giu's Food Shop.
  5290 | D:7      | Noticed a hand axe
  5313 | D:7      | Found a sand-covered staircase.
  5318 | Ossuary  | Entered an ossuary
  5615 | D:7      | Noticed a dagger
  5616 | D:7      | Found a hide-covered altar of Uskayaw.
  5692 | D:7      | Noticed Menkaure
  5698 | D:7      | Killed Menkaure
  5711 | D:7      | Found a hazy altar of Hepliaklqana.
  5739 | D:7      | Noticed Pikel
  5756 | D:7      | Killed Pikel
  6109 | D:8      | Noticed Joseph
  6124 | D:8      | Killed Joseph
  6124 | D:8      | Reached skill level 9 in Unarmed Combat
  6124 | D:8      | Reached XP level 10. HP: 102/102 MP: 9/9
  6155 | D:8      | Noticed Grum
  6163 | D:8      | HP: 1/102 [wolf[Grum] (5)]
  6163 | D:8      | Slain by a wolf

Skill      XL: |  1  2  3  4  5  6  7  8  9 |
---------------+----------------------------+-----
Dodging        | 3 4 5 6 7 |  7.6
Fighting       | 3 4 5 6 7 |  7.5
Unarmed Combat | 4 5 6 7 9 |  9.1
Stealth        | |  1.0

Action                   |  1- 3 |  4- 6 |  7- 9 | 10-12 || total
-------------------------+-------+-------+-------+-------++-------
Melee: Unarmed           |    98 |   102 |   370 |    14 ||   584
       Punch             |     1 |       |    13 |     2 ||    16
  Use: Scroll            |     1 |       |     9 |       ||    10
       Potion            |       |       |     1 |       ||     1
 Stab: Sleeping          |     2 |     3 |     5 |       ||    10
       Distracted        |       |       |     1 |       ||     1
  Eat: Chunk             |    15 |     8 |    38 |       ||    61
       Bread ration      |       |       |     1 |       ||     1
Armor: Robe              |    23 |    28 |    82 |       ||   133
       Animal skin       |       |       |     4 |     1 ||     5
Dodge: Dodged            |    36 |    45 |   226 |    13 ||   320
